 Dungeon Crawl Stone Soup version 0.30.0 (webtiles) character file.

Game seed: 8594980344727677726

2043 Amethyst the Basher (level 9, -6/50 HPs)
             Began as a Tengu Reaver on May 6, 2023.
             Mangled by a killer bee (7 damage)
             ... on level 6 of the Dungeon on May 7, 2023.
             The game lasted 00:39:29 (9683 turns).

Amethyst the Basher (Tengu Reaver)                  Turns: 9683, Time: 00:39:29

Health: -6/50      AC: 10    Str: 16    XL:     9   Next: 24%
Magic:  13/13      EV: 13    Int: 14    God:
Gold:   413        SH:  0    Dex: 13    Spells: 9/12 levels left

rFire   + . .        E - +2 flail
rCold   + + .        (no shield)
rNeg    . . .        y - +3 ring mail {rC+}
rPois   .            (helmet restricted)
rElec   .            p - +0 cloak
rCorr   .            (no gloves)
SInv    .            (boots unavailable)
Will    .....        (no amulet)
Stlth   +            k - ring of protection from cold
HPRegen 0.28/turn    z - ring of protection from fire
MPRegen 0.13/turn

%: no passive effects
@: lethally poisoned (-6 -> -12), about to teleport, flying quickly and
evasively, quick
A: beak, talons 3, nimble flight
a: no special abilities


You were on level 6 of the Dungeon.
You visited 1 branch of the dungeon, and saw 7 of its levels.
You also visited: Sewer.

You collected 413 gold pieces.

Inventory:

Hand Weapons
 a - a +0 mace
 E - a +2 flail (weapon)
 G - a +0 hammer
Missiles
 s - 5 throwing nets
 A - 5 boomerangs
Armour
 b - a +0 leather armour
 p - a +0 cloak (worn)
 t - a +0 leather armour
 y - a +3 ring mail of cold resistance (worn)
 D - a +2 robe of willpower
Magical Staves
 v - a staff of air
Jewellery
 k - a ring of protection from cold (left hand)
 w - a ring of fire
 z - a ring of protection from fire (right hand)
Wands
 r - a wand of charming (9)
 C - a wand of flame (25)
Scrolls
 c - a scroll of noise {unknown}
 e - 2 scrolls of enchant weapon {unknown}
 g - a scroll of enchant armour {unknown}
 h - 4 scrolls of immolation
 i - 2 scrolls of amnesia
 m - a scroll of teleportation
 n - 2 scrolls of fear
 u - 4 scrolls of identify
 x - a scroll of fog {unknown}
 B - a scroll of blinking
Potions
 d - a potion of degeneration
 f - a potion of curing
 j - 2 potions of might
 l - a potion of heal wounds {unknown}
 o - 2 potions of attraction
 q - 2 potions of flight
 F - a potion of invisibility {unknown}


   Skills:
 - Level 3.0 Fighting
 - Level 10.0 Maces & Flails
 - Level 4.0 Armour
 - Level 2.1 Dodging
 - Level 2.0 Spellcasting
 - Level 9.0 Conjurations
 + Level 2.3 Translocations


You had 9 spell levels left.
You knew the following spells:

 Your Spells              Type           Power      Damage    Failure   Level
a - Kiss of Death         Conj/Necr      56%        2d9       7%          1
b - Momentum Strike       Conj/Tloc      34%        3d8       6%          2

Your spell library contained the following spells:

 Spells                   Type           Power      Damage    Failure   Level
 Apportation              Tloc           14%        N/A       17%         1
 Hailstorm                Conj/Ice       14%        3d5       21%         3
 Alistair's Intoxication  Tmut/Pois      0%         N/A       100%        5


Dungeon Overview and Level Annotations

Branches:
Dungeon (7/15)              Sewer (visited)
 Temple: D:4-7

Altars:
Gozag
Nemelex Xobeh
Okawaru
Qazlal
Trog
Wu Jian
Xom

Annotations:
D:3 3 runed translucent doors, strontium90w's ghost, amateur GnCj


Innate Abilities, Weirdness & Mutations

You have a beak for a mouth.
You have claws for feet.
Your magical nature lets you fly swiftly and evasively.


Message History

You hit the phantom. You claw the phantom.
You destroy the phantom!
The killer bee barely misses you.
A killer bee comes into view.
The killer bee barely misses you. The killer bee completely misses you.
The killer bee stings you.
You are poisoned.
The killer bee poisons you! The killer bee closely misses you. x2
Your Translocations skill increases to level 2!
You feel sick.
The killer bee stings you but does no damage. x2
The killer bee barely misses you. The killer bee stings you.
The killer bee misses you. The killer bee closely misses you.
The killer bee barely misses you. The killer bee stings you.
You fly upwards.
You feel sick.
There is a stone staircase leading down here.
As you read the scroll of teleportation, it crumbles to dust.
You feel strangely unstable.
You feel sick.
The killer bee stings you but does no damage.
The killer bee stings you.
You are more poisoned.
The killer bee poisons you! The killer bee completely misses you.
The killer bee barely misses you. The killer bee completely misses you.
The killer bee barely misses you. The killer bee completely misses you.
The killer bee barely misses you.
You miss the killer bee.
You feel very sick.
The killer bee stings you but does no damage. x2
The killer bee barely misses you. The killer bee stings you!
* * * LOW HITPOINT WARNING * * *
You miss the killer bee. Your kick misses the killer bee.
You feel sick. The killer bee stings you!
* * * LOW HITPOINT WARNING * * *
The killer bee stings you but does no damage.
The killer bee stings you.
* * * LOW HITPOINT WARNING * * *
The killer bee misses you. The killer bee closely misses you.
The killer bee stings you but does no damage.
The killer bee barely misses you. The killer bee stings you!
You die...

#...## ##.# ##.. ....##
#..# ##... .....#
#..#####.... [....#
##....##...## <..###
#............ ..##
#............ .##
#####........###. ##
#####y............... #
###..y@............###.
##.....yy...............
##......[......####...###
#..).#####<.#### #...#
#...## #### ##..# #..##
#..# # #..# #..# ## #..##
#..# .## ##..# #..#


You could see 4 killer bees.

Vanquished Creatures
  A water moccasin (D:5)
  3 black bears
  An ogre (D:5)
  6 phantoms
  3 scorpions (D:5)
  4 wights
  3 hounds
  3 jellies
  Crazy Yiuf (D:3)
  2 orc priests
  A sleepcap (D:5)
  4 iguanas
  3 orc wizards
  13 adders
  3 gnolls (D:5)
  A river rat (D:5)
  A white imp (D:6)
  An ufetubus (D:5)
  A worm (D:3)
  2 dart slugs
  8 orcs
  10 ball pythons
  7 bats
  12 endoplasms
  9 giant cockroaches
  5 goblins
  6 hobgoblins
  7 jackals
  7 kobolds
  8 quokkas
  12 frilled lizards
  4 rats
152 creatures vanquished.

Notes
Turn   | Place    | Note
-------+----------+-------------------------------------------
     0 | D:1      | Amethyst the Tengu Reaver began the quest for the Orb.
     0 | D:1      | Reached XP level 1. HP: 12/12 MP: 4/4
   136 | D:1      | Reached XP level 2. HP: 17/17 MP: 6/6
   243 | D:1      | Reached skill level 4 in Maces & Flails
   707 | D:1      | Reached XP level 3. HP: 15/21 MP: 7/7
  2010 | D:3      | Reached skill level 5 in Maces & Flails
  2078 | D:3      | Found a runed translucent gate.
  2078 | D:3      | Found a runed translucent gate.
  2079 | D:3      | Found a runed translucent gate.
  2080 | D:3      | Found an opulent altar of Gozag.
  2081 | D:3      | Noticed a gnoll sergeant
  2081 | D:3      | Noticed strontium90w's ghost (amateur GnCj)
  2183 | D:3      | Found a runed translucent door.
  2184 | D:3      | Noticed Crazy Yiuf
  2232 | D:3      | Reached XP level 4. HP: 21/24 MP: 8/8
  2498 | D:3      | Found an ornate altar of the Wu Jian Council.
  2525 | D:3      | Found a stormy altar of Qazlal.
  3053 | D:4      | Found a sparkling altar of Nemelex Xobeh.
  3190 | D:4      | Reached skill level 6 in Maces & Flails
  3310 | D:4      | Gained mutation: Your magical nature lets you fly swiftly
                  | and evasively. [Tengu growth]
  3310 | D:4      | Reached XP level 5. HP: 20/30 MP: 9/9
  3616 | D:4      | Reached skill level 1 in Armour
  3673 | D:4      | Found a shimmering altar of Xom.
  3688 | D:4      | Reached skill level 7 in Maces & Flails
  3688 | D:4      | Reached XP level 6. HP: 28/35 MP: 10/10
  4126 | D:4      | Found a bloodstained altar of Trog.
  4490 | D:5      | Entered Level 5 of the Dungeon
  5021 | D:5      | Reached XP level 7. HP: 21/38 MP: 11/11
  5104 | D:5      | Found a glowing drain.
  5131 | Sewer    | Entered a sewer
  5926 | D:5      | Reached skill level 8 in Maces & Flails
  5993 | D:5      | Found an iron altar of Okawaru.
  6168 | D:5      | Reached skill level 9 in Maces & Flails
  6168 | D:5      | Reached XP level 8. HP: 40/46 MP: 12/12
  6883 | D:5      | Reached skill level 10 in Maces & Flails
  7127 | D:6      | Reached skill level 5 in Conjurations
  7638 | D:5      | Found an iron altar of Okawaru.
  8448 | D:5      | Learned a level 2 spell: Momentum Strike
  8533 | D:6      | Reached XP level 9. HP: 33/50 MP: 13/13
  8981 | D:6      | Reached skill level 1 in Translocations
  9418 | D:3      | Killed Crazy Yiuf
  9683 | D:6      | HP: 1/50 [killer bee (5)]
  9683 | D:6      | Mangled by a killer bee

Illustrated notes

Levels and vault maps discovered:
D:1:      lemuel_arrival_room, layout_loops_corners
D:2:      layout_basic
D:3:      layout_loops_ring, nicolae_qazlal_general_emergency,
          nzn_wu_jian_council_hall, ebering_ghost_gozag, minmay_cupped,
          uniq_crazy_yiuf_cottage
D:4:      layout_basic, bloody_trog, mainiacjoe_overflow_concentric_impassable,
          dk_xom_monty_hall, minmay_checkerbox
D:5:      layout_cave_pods, kennysheep_little_box, portal_sewer_entry_a
D:6:      layout_layer_cave, minmay_misc_feat_columns,
          chequers_serial_rivers_micro_e
D:7:      layout_layer_cave, tgw_sif, minmay_temple_entry_trees

Skill      XL: |  1  2  3  4  5  6  7  8  9 |
---------------+----------------------------+-----
Maces & Flails | 4 5 6 7 9 10 | 10.0
Armour         | 1 3 4 |  4.0
Fighting       | 3 |  3.0
Conjurations   | 8 9 |  9.0
Translocations | 2 |  2.3
Dodging        | |  2.1
Spellcasting   | |  2.0

Action                     |  1- 3 |  4- 6 |  7- 9 || total
---------------------------+-------+-------+-------++-------
  Melee: Mace              |    63 |   107 |   268 ||   438
         Kick              |    19 |    47 |    91 ||   157
         Peck              |    11 |    25 |    56 ||    92
         Club              |    24 |    75 |       ||    99
         Punch             |       |     2 |     4 ||     6
         Flail             |       |       |    27 ||    27
   Cast: Kiss of Death     |     2 |     2 |     1 ||     5
    Use: Scroll            |     5 |     5 |     2 ||    12
         Potion            |       |       |     2 ||     2
   Stab: Sleeping          |     1 |       |       ||     1
         Distracted        |       |     1 |       ||     1
 Armour: Leather armour    |    28 |    29 |       ||    57
         Ring mail         |       |    23 |    96 ||   119
         Robe              |       |       |    17 ||    17
  Dodge: Dodged            |    46 |   124 |   215 ||   385
